 Dungeon Crawl Stone Soup version 0.23.2 (webtiles) character file.

Game seed: 12404688715928978183

100491 Borgoz the Slicer (level 16, -2/101 HPs)
             Began as a Gargoyle Gladiator on Apr 7, 2019.
             Was a High Priest of Ashenzari.
             Slain by a thrashing horror (6 damage)
             ... on level 2 of the Abyss.
             The game lasted 01:24:47 (29499 turns).

Borgoz the Slicer (Gargoyle Gladiator)             Turns: 29499, Time: 01:24:48

Health: -2/101     AC: 31    Str: 28    XL:     16   Next: 27%
Magic:  0/23       EV: 21    Int: 11    God:    Ashenzari [*****.]
Gold:   711        SH:  0    Dex: 16    Spells: 25/25 levels left

rFire    . . .     SeeInvis +   b - +5 rapier (elec)
rCold    + . .     Gourm    .   (no shield)
rNeg     + . .     Faith    .   S - +1 ring mail {rC+}
rPois    ∞         Spirit   +   W - +2 helmet
rElec    +         Reflect  .   G - +0 cloak
rCorr    .         Harm     .   J - +1 pair of gloves
MR       +....     Clarity  +   c - +2 pair of boots
Stlth    +++.......             y - amulet of guardian spirit
HPRegen  0.26/turn              d - +4 ring of strength
MPRegen  0.18/turn              q - +6 ring of strength

@: flying
A: big wings, negative energy resistance 1, electricity resistance, unbreathing,
petrification resistance, rot immunity, AC +12
a: Stop Flying, Curse Item, Scrying, Transfer Knowledge, Renounce Religion


You were on level 2 of the Abyss.
You worshipped Ashenzari.
Ashenzari was extremely pleased with you.
You were not hungry.

You visited 5 branches of the dungeon, and saw 25 of its levels.
You visited the Abyss 2 times.
You also visited: Bailey and Ice Cave.

You collected 2237 gold pieces.
You spent 1526 gold pieces at shops.

Inventory:

Hand Weapons
 a - the +5 rapier "Rocegusk" {drain, rElec rPois rN+ MP-9}
   (You bought it in a shop on level 4 of the Dungeon)

   A truly terrible weapon, it drains the life of those it strikes.
   It insulates you from electricity.
   It protects you from poison.
   It protects you from negative energy.
   It affects your magic capacity (-9).
 b - a +5 rapier of electrocution (weapon)
 x - the +5 short sword of a ziggurat {venom, rN++}
   (You took it off a big kobold on level 7 of the Dungeon)

   It poisons the flesh of those it strikes.
   It greatly protects you from negative energy.
Missiles
 D - 13 tomahawks (quivered)
 F - 5 tomahawks of dispersal
 L - 2 javelins
 N - 4 silver javelins
Armour
 c - a +2 pair of boots (worn)
 G - a +0 cloak (worn)
 J - a +1 pair of gloves (worn)
 S - a +1 ring mail of cold resistance (worn)
 W - a +2 helmet (worn)
Jewellery
 d - a +4 ring of strength (left hand)
 j - an uncursed amulet of the acrobat
 k - an uncursed amulet of rage
 q - a +6 ring of strength (right hand)
 y - an amulet of guardian spirit (around neck)
 B - an uncursed amulet of regeneration
 E - the ring of Bohedaap {rF+ AC+1 Int+2 Stlth+}
   (You found it on level 2 of the Orcish Mines)

   [ring of protection]

   It affects your AC (+1).
   It affects your intelligence (+2).
   It protects you from fire.
   It makes you more stealthy.
Wands
 l - a wand of polymorph (10)
 t - a wand of disintegration (19)
 A - a wand of flame (12)
 C - a wand of paralysis (26)
 K - a wand of digging (10)
 M - a wand of acid (3)
Scrolls
 e - 17 scrolls of remove curse
 h - a scroll of identify
 i - a scroll of silence
 o - 10 scrolls of teleportation
 r - 3 scrolls of amnesia
 u - 3 scrolls of magic mapping
 w - a scroll of fog
 z - 3 scrolls of fear
 I - 5 scrolls of enchant armour
Potions
 g - 3 potions of agility
 m - a potion of haste
 n - a potion of brilliance
 p - a potion of magic
 s - a potion of invisibility
 v - 5 potions of might
 H - 7 potions of curing
 O - a potion of cancellation
 R - a potion of resistance
Comestibles
 f - 51 rations


   Skills:
 + Level 12.0 Fighting
 * Level 14.0 Short Blades
 - Level 1.7 Throwing
 + Level 11.7 Armour
 * Level 13.1 Dodging
 + Level 7.8 Stealth
 - Level 5.0 Spellcasting
 + Level 6.8 Evocations


You had 25 spell levels left.
You didn't know any spells.
Your spell library contained the following spells:

 Spells                   Type           Power        Failure   Level  Hunger
 Magic Dart               Conj           #...         28%         1    None
 Searing Ray              Conj           #.....       38%         2    ##.....
 Dazzling Spray           Conj/Hex       #.....       63%         3    ###....
 Force Lance              Conj/Tloc      #.......     95%         4    ####...
 Fulminant Prism          Conj/Hex       #.........   95%         4    ####...
 Iskenderun's Mystic Bla  Conj           #.......     95%         4    ####...


Dungeon Overview and Level Annotations

Branches:
Dungeon (14/15)            Temple (1/1) D:4            Lair (6/6) D:8
  Swamp (2/4) Lair:2       Spider (0/4) Lair:3        Slime (0/5) Lair:5
    Orc (2/2) D:9             Elf (0/3) Orc:2
 Vaults: D:13-14

Altars:
Ashenzari
Cheibriados
Dithmenos
Elyvilon
Fedhas
Gozag
Hepliaklqana
Kikubaaqudgha
Makhleb
Nemelex Xobeh
Okawaru
Qazlal
Ru
Sif Muna
Trog
Uskayaw
Vehumet
Wu Jian
Xom
Yredelemnul
Zin
The Shining One
Beogh

Shops:
D:4 (   D:6 [   D:8 =   Orc:1 (:(!*   Orc:2 }![*

Portals:
Pandemonium: Orc:2

Annotations:
Swamp:1 3 runed translucent doors, havocjr3's ghost, journeyman GnGl
Swamp:2 Louise


Innate Abilities, Weirdness & Mutations

You are resistant to torment.
Your stone body is resilient. (AC +12)
You are immune to poison.
Your large and strong wings let you fly indefinitely.
You resist negative energy. (rN+)
You are resistant to electric shocks. (rElec)
You can survive without breathing.
You are immune to petrification.
You are immune to rotting.


Message History

The thrashing horror tramples you but does no damage.
The thrashing horror closely misses you.
The storm dragon skeleton bites you!
* * * LOW HITPOINT WARNING * * *
The storm dragon skeleton misses you. x2
Unknown command.
You are too injured to fight recklessly!
You are too injured to fight recklessly!
You are too injured to fight recklessly!
You puncture the thrashing horror!
The thrashing horror is moderately damaged.
The thrashing horror tramples you but does no damage.
The thrashing horror completely misses you.
The thrashing horror closely misses you.
The thrashing horror tramples you but does no damage.
The thrashing horror barely misses you. x2
You puncture the thrashing horror!
The thrashing horror is moderately damaged.
The thrashing horror tramples you!
You die...

#.#.##..#. ≈≈≈≈.. ,≈ ≈
≈ , *, ..#.#..#.. ≈≈≈.
,≈≈≈ ≈ ,#.........##≈≈
≈ ≈ ≈ ≈≈≈, , * #.
...≈≈≈≈#.≈## ≈., ≈ , #
#.#.#..≈{≈#..≈,≈≈≈,≈ ≈
, .#..#....X#≈ ##≈≈#
≈≈≈ ≈ ,,,
,,..#,.#.3x#.{.≈≈≈#***≈
≈ ≈ , ,
#.##..##X##..≈#**≈ ≈
,**.*##...#....@..≈# ≈≈
≈≈ ,
#,##.....v#XX.Z.≈≈≈#
###...#...v...#.≈≈#≈≈≈≈
,≈ ≈≈ ,
#..........##.###.≈≈≈≈≈
≈, , ,.#..#.
....##....#.≈...
,....#..#..#..#.
#...≈.. * * ,.........#
...#. ,..≈ , .#
....#..###.#. #.#≈ *
,.. ..## .##.##.## . **
,* *


You could see an ancient zyme, 3 thrashing horrors, a large abomination, a smoke
demon, 2 insubstantial wisps and a storm dragon skeleton.

Vanquished Creatures
  Jorgrun (Orc:2)
  3 tentacled starspawn (Abyss:2)
  The ghost of Curus the Warrior, a journeyman DrBe of Trog (Orc:2)
  A frost giant (IceCv)
  The ghost of cklessthan3 the Brawler, a journeyman TrBe of Trog (Lair:4)
  The ghost of bmj180 the Slicer, a journeyman HaFi of Dithmenos (Lair:6)
  Snorg (D:14)
  Harold (D:7)
  Josephine (D:10)
  An ogre mage (D:14)
  A rakshasa (D:14)
  7 hydras
  A centaur warrior (D:14)
  2 alligators (Swamp:1)
  A death yak (Lair:4)
  4 two-headed ogres
  7 orc high priests
  A sun demon (Orc:1)
  A thrashing horror (Abyss:2)
  Nergalle (D:11)
  A soul eater (Orc:2)
  A spatial maelstrom (Abyss:3)
  2 torturous demonspawn (Orc:2)
  An unseen horror (D:10)
  An infernal demonspawn (Orc:2)
  A wizard (D:13)
  2 swamp dragons (Swamp:1)
  Pikel (D:6)
  An oklob plant (Lair:3)
  2 manticores
  A wolf spider (Lair:3)
  A worldbinder (Abyss:2)
  7 orc knights
  The ghost of esteth the Thaumaturge, a novice GnWz of Ashenzari (D:7)
  5 orc sorcerers (Orc:2)
  11 elephants
  An ice statue (IceCv)
  2 black mambas
  25 spiny frogs
  A rime drake (Lair:6)
  2 centaur skeletons
  2 orange demons (Orc:2)
  A yaktaur (D:14)
  7 komodo dragons
  A demonic crawler (Abyss:2)
  2 kobold demonologists
  2 trolls
  Prince Ribbit (D:8)
  20 polar bears
  2 red devils (Orc:2)
  9 tyrant leeches
  4 slime creatures
  23 blink frogs
  Grinder (D:4)
  2 dream sheep (D:13)
  10 hippogriffs
  2 bog bodies (Swamp:1)
  3 flying skulls (Abyss:3)
  A shadow (Swamp:1)
  30 yaks
  2 wyverns
  7 wraiths
  Eustachio (D:3)
  3 basilisks
  A hungry ghost (D:13)
  9 vampire mosquitoes
  A chaos spawn (Orc:2)
  A swamp worm (Swamp:1)
  7 insubstantial wisps
  5 wargs
  A steam dragon (D:12)
  An acid dragon (D:13)
  2 soldier ants
  11 water moccasins
  29 orc warriors
  6 porcupines
  2 black bears
  3 sky beasts
  A swamp drake (Swamp:1)
  An eye of draining (D:13)
  A slave (D:6)
  3 ice beasts
  A phantom (D:13)
  12 ogres
  19 wolves
  10 centaurs
  7 crocodiles
  28 bullfrogs
  13 big kobolds
  A wyvern zombie (D:10)
  A gnoll sergeant (D:8)
  2 wyvern skeletons (D:8)
  6 scorpions
  6 killer bees
  4 wights (D:14)
  8 howler monkeys
  6 electric eels
  5 crimson imps
  2 centaur zombies
  5 hounds
  A bullfrog zombie (D:13)
  2 bullfrog skeletons
  18 orc priests
  3 iguanas
  5 jellies
  13 orc wizards
  Crazy Yiuf (D:5)
  17 worker ants
  A killer bee zombie (D:6)
  A small abomination (Abyss:2)
  A hound zombie (D:6)
  A hound skeleton (D:4)
  2 worker ant zombies
  14 adders
  21 gnolls
  3 shadow imps
  13 white imps
  An ufetubus (Abyss:2)
  An ooze (D:5)
  2 adder zombies
  2 adder skeletons
  4 worms
  4 dart slugs
  2 leopard geckos
  55 orcs
  7 giant cockroaches
  17 hobgoblins
  10 jackals
  11 kobolds
  4 quokkas
  11 bats
  5 frilled lizards
  13 goblins
  A jackal skeleton (D:4)
  A quokka zombie (D:6)
  6 rats
  A fungus (D:5)
  6 starspawn tentacles (Abyss:2)
746 creatures vanquished.

Vanquished Creatures (others)
  Aizul (Swamp:1)
  6 spatial vortices (Abyss:4)
  A quasit (D:14)
  9 fungi
  61 plants
  8 starspawn tentacles (Abyss:2)
  2 withered plants (Lair:4)
88 creatures vanquished.

Grand Total: 834 creatures vanquished

Notes
Turn   | Place    | Note
-------+----------+-------------------------------------------
     0 | D:1      | Borgoz the Gargoyle Gladiator began the quest for the Orb.
     0 | D:1      | Reached XP level 1. HP: 12/12 MP: 1/1
   161 | D:1      | Reached XP level 2. HP: 17/17 MP: 2/2
   334 | D:1      | Reached skill level 3 in Short Blades
   385 | D:1      | Reached XP level 3. HP: 22/22 MP: 3/3
   935 | D:2      | Reached skill level 1 in Stealth
   989 | D:2      | Reached skill level 1 in Armour
  1045 | D:2      | Reached XP level 4. HP: 27/27 MP: 4/4
  1645 | D:3      | Reached XP level 5. HP: 17/32 MP: 5/5
  2192 | D:4      | Found Ymips's Weapon Shoppe.
  2192 | D:4      | Noticed Eustachio
  2302 | D:3      | Killed Eustachio
  2302 | D:3      | Reached skill level 4 in Short Blades
  2302 | D:3      | Reached XP level 6. HP: 14/37 MP: 6/6
  2614 | D:4      | Found a staircase to the Ecumenical Temple.
  2636 | Temple   | Entered the Ecumenical Temple
  2854 | D:4      | Reached XP level 7. HP: 41/41 MP: 7/7
  2985 | D:4      | Noticed Grinder
  3002 | D:4      | Killed Grinder
  3017 | D:4      | You fall through a shaft for 3 floors!
  3101 | D:7      | Reached skill level 5 in Short Blades
  3101 | D:7      | Reached XP level 8. HP: 30/48 MP: 5/8
  3267 | D:7      | Noticed a hippogriff
  3286 | D:7      | Killed a hippogriff
  3380 | D:7      | Reached skill level 5 in Dodging
  3565 | D:5      | Entered Level 5 of the Dungeon
  3681 | D:4      | Found a basalt altar of Yredelemnul.
  3849 | D:4      | Found a radiant altar of Vehumet.
  4688 | D:4      | Reached skill level 6 in Short Blades
  4758 | D:5      | Found a stormy altar of Qazlal.
  4843 | D:5      | Got a dazzling short sword
  4844 | D:5      | Identified the cursed +3 short sword of the Wasp {elec,
                  | Dex+2} (You found it on level 5 of the Dungeon)
  4940 | D:5      | Reached XP level 9. HP: 53/53 MP: 9/9
  5028 | D:5      | Reached skill level 5 in Fighting
  5305 | D:5      | Found a runed translucent door.
  5306 | D:5      | Noticed Crazy Yiuf
  5321 | D:5      | Killed Crazy Yiuf
  5321 | D:5      | Reached skill level 5 in Stealth
  5730 | D:6      | Noticed Pikel
  5749 | D:6      | Killed Pikel
  5749 | D:6      | Reached skill level 5 in Armour
  6085 | D:6      | Found Jaugam's Armour Emporium.
  6537 | D:7      | Reached skill level 7 in Short Blades
  6549 | D:7      | Noticed Harold
  6573 | D:7      | Killed Harold
  6573 | D:7      | Reached skill level 1 in Spellcasting
  6573 | D:7      | Reached XP level 10. HP: 40/60 MP: 7/12
  6641 | D:7      | Found a hide-covered altar of Uskayaw.
  6746 | D:7      | Found a runed translucent gate.
  6746 | D:7      | Found a runed translucent gate.
  6746 | D:7      | Found a runed translucent gate.
  6747 | D:7      | Noticed a kobold demonologist
  6747 | D:7      | Noticed esteth's ghost (novice GnWz)
  6747 | D:7      | Identified the +5 short sword of a ziggurat {venom, rN++}
  6808 | D:8      | Found Yrepp's Jewellery Boutique.
  7289 | D:8      | Noticed Prince Ribbit
  7293 | D:8      | Killed Prince Ribbit
  7293 | D:8      | Reached skill level 8 in Short Blades
  7324 | D:8      | Found a shattered altar of Ashenzari.
  7331 | D:8      | Became a worshipper of Ashenzari the Shackled
  7363 | D:8      | Found a staircase to the Lair.
  7499 | D:8      | Found a burning altar of Makhleb.
  7638 | D:9      | Found a staircase to the Orcish Mines.
  8182 | D:4      | Bought the +5 rapier "Rocegusk" {drain, rElec rPois rN+
                  | MP-9} for 464 gold pieces
  8451 | D:9      | Reached XP level 11. HP: 67/67 MP: 6/15
  8460 | D:9      | Found a snail-covered altar of Cheibriados.
  8494 | D:9      | Found a roughly hewn altar of Beogh.
  8846 | D:9      | Noticed a two-headed ogre
  8876 | D:9      | Killed a two-headed ogre
  8978 | D:10     | Entered Level 10 of the Dungeon
  9065 | D:10     | Reached skill level 9 in Short Blades
  9123 | D:10     | Noticed Josephine
  9135 | D:10     | Killed Josephine
  9135 | D:10     | Reached skill level 1 in Evocations
  9267 | D:10     | Killed an unseen horror
  9650 | D:11     | Noticed Nergalle
  9835 | D:11     | Killed Nergalle
  9974 | D:11     | Reached * piety under Ashenzari
 10333 | D:12     | Found a flagged portal.
 10371 | Bailey   | Entered a bailey
 10438 | Bailey   | Noticed an orc knight
 10450 | Bailey   | Killed an orc knight
 10643 | Bailey   | Found an iron altar of Okawaru.
 10643 | Bailey   | Noticed an orc high priest
 10683 | Bailey   | Reached XP level 12. HP: 46/73 MP: 5/18
 10716 | Bailey   | Noticed a sun demon
 10717 | Bailey   | Killed an orc high priest
 11119 | Bailey   | Reached skill level 10 in Short Blades
 11173 | Bailey   | Identified a scroll of acquirement
 11464 | Bailey   | Found the +15 Maxwell's patent armour {-Cast -Tele rElec
                  | MR+ rCorr}
 11739 | Lair:1   | Entered Level 1 of the Lair of Beasts
 12125 | Lair:1   | Reached skill level 5 in Spellcasting
 12958 | Lair:2   | Found a staircase to the Swamp.
 13190 | Lair:2   | Noticed a seven-headed hydra
 13197 | Lair:2   | Killed a seven-headed hydra
 13510 | Lair:2   | Reached ** piety under Ashenzari
 14061 | Lair:3   | Found a stormy altar of Qazlal.
 14677 | Lair:3   | Reached skill level 10 in Dodging
 14918 | Lair:3   | Found a hole to the Spider Nest.
 15103 | Lair:4   | Found a frozen archway.
 15146 | IceCv    | Entered an ice cave
 15154 | IceCv    | Reached XP level 13. HP: 56/80 MP: 9/20
 15319 | IceCv    | Reached skill level 11 in Short Blades
 15995 | IceCv    | Noticed a frost giant
 16035 | IceCv    | Killed a frost giant
 16954 | Lair:4   | Reached skill level 5 in Evocations
 17295 | Lair:4   | Found a runed translucent door.
 17296 | Lair:4   | Noticed cklessthan3's ghost (journeyman TrBe)
 17958 | Lair:5   | Reached skill level 10 in Fighting
 18303 | Lair:5   | Found a staircase to the Slime Pits.
 18470 | Lair:5   | Reached *** piety under Ashenzari
 18549 | Lair:6   | Entered Level 6 of the Lair of Beasts
 18712 | Lair:6   | Gained mutation: Your large and strong wings let you fly
                  | indefinitely. [Gargoyle growth]
 18712 | Lair:6   | Reached XP level 14. HP: 49/88 MP: 10/21
 18730 | Lair:6   | Reached skill level 12 in Short Blades
 18762 | Lair:6   | Reached skill level 10 in Armour
 19034 | Lair:6   | Found a runed translucent gate.
 19034 | Lair:6   | Found a runed translucent gate.
 19034 | Lair:6   | Found a runed translucent gate.
 19043 | Lair:6   | Noticed bmj180's ghost (journeyman HaFi)
 19101 | Lair:6   | Killed bmj180's ghost
 19302 | Lair:6   | Identified the ring "Kahegam" {rElec rPois MR- Str+3 Dex+4}
 21006 | D:8      | Bought an uncursed amulet of rage for 520 gold pieces
 21087 | D:7      | Killed esteth's ghost
 21727 | Lair:4   | Killed cklessthan3's ghost
 22779 | D:13     | Reached skill level 13 in Short Blades
 22779 | D:13     | Reached XP level 15. HP: 91/94 MP: 13/22
 23293 | D:14     | Reached **** piety under Ashenzari
 23422 | D:14     | Noticed Snorg
 23444 | D:14     | Killed Snorg
 23632 | D:14     | Paralysed by an ogre mage for 4 turns
 24064 | Orc:1    | Entered Level 1 of the Orcish Mines
 24115 | Orc:1    | Found Paghar's Book Shop.
 24126 | Orc:1    | Found Penofeimm's Antique Weapon Emporium.
 24159 | Orc:1    | Found Xasisch's Distillery.
 24240 | Orc:1    | Found Seygh's Assorted Antiques.
 24290 | Orc:1    | Bought a scroll labeled JENLAUPLEG for 25 gold pieces
 24421 | Orc:1    | Found Xefuwaat's Weapon Emporium.
 24424 | Orc:1    | Bought a +0 rapier of electrocution for 132 gold pieces
 24512 | Orc:2    | Entered Level 2 of the Orcish Mines
 24674 | Orc:2    | Found a runed translucent door.
 24681 | Orc:2    | Identified the ring of Bohedaap {rF+ AC+1 Int+2 Stlth+}
 24764 | Orc:2    | Noticed Curus's ghost (journeyman DrBe)
 24795 | Orc:2    | Killed Curus's ghost
 25164 | Orc:2    | Found a staircase to the Elven Halls.
 25168 | Orc:2    | Noticed Jorgrun
 25183 | Orc:2    | Killed Jorgrun
 25525 | Orc:2    | Found Bankan's General Store.
 25769 | Orc:2    | Found Hutuock's Distillery.
 26221 | Orc:2    | Bought a potion of curing for 30 gold pieces
 26221 | Orc:2    | Bought a potion of invisibility for 80 gold pieces
 26221 | Orc:2    | Bought a potion of heal wounds for 50 gold pieces
 27372 | Orc:2    | Paralysed by an orc sorcerer for 2 turns
 27570 | Orc:2    | Found Ruemeyf's Gadget Shoppe.
 27570 | Orc:2    | Found Quto's Antique Armour Emporium.
 27570 | Orc:2    | Found a one-way gate leading to the halls of Pandemonium.
 27578 | Orc:2    | Bought a pair of embroidered gloves for 225 gold pieces
 27977 | Swamp:1  | Entered Level 1 of the Swamp
 28085 | Swamp:1  | Noticed Aizul
 28120 | Swamp:1  | Killed Aizul
 28314 | Swamp:1  | Reached XP level 16. HP: 63/101 MP: 14/23
 28625 | Swamp:1  | Found a runed translucent gate.
 28626 | Swamp:1  | Found a runed translucent gate.
 28627 | Swamp:1  | Found a runed translucent gate.
 28629 | Swamp:1  | Noticed havocjr3's ghost (journeyman GnGl)
 28978 | Swamp:2  | Noticed Louise
 29015 | Swamp:2  | Cast into level 3 of the Abyss (Louise)
 29130 | Abyss:4  | Noticed a tentacled starspawn
 29142 | Abyss:4  | Reached ***** piety under Ashenzari
 29158 | Abyss:4  | Noticed a hellephant
 29160 | Swamp:2  | Escaped the Abyss
 29189 | Swamp:2  | Cast into level 2 of the Abyss (Louise)
 29322 | Abyss:2  | Noticed a tentacled starspawn
 29351 | Abyss:2  | Killed a tentacled starspawn
 29385 | Abyss:2  | Noticed a tentacled starspawn
 29417 | Abyss:2  | Noticed a tentacled starspawn
 29438 | Abyss:2  | Killed a tentacled starspawn
 29438 | Abyss:2  | Reached skill level 14 in Short Blades
 29449 | Abyss:2  | Noticed a tentacled starspawn
 29477 | Abyss:2  | Killed a tentacled starspawn
 29497 | Abyss:2  | HP: 4/101 [storm dragon skeleton (7)]
 29499 | Abyss:2  | Slain by a thrashing horror

Skill      XL: |  1  2  3  4  5  6  7  8  9 10 11 12 13 14 15 16 |
---------------+-------------------------------------------------+-----
Short Blades   | 3 4 5 6 7 8 9 10 11 13 14 | 14.0
Stealth        | 1 2 3 4 5 7 |  7.8
Dodging        | 3 4 5 6 8 9 10 11 12 13 | 13.1
Armour         | 1 2 3 4 5 6 7 8 9 10 11 | 11.7
Fighting       | 3 4 6 7 8 9 10 11 12 | 12.0
Spellcasting   | 1 3 4 5 |  5.0
Evocations     | 2 4 5 6 |  6.8
Throwing       | |  1.7

Action                   |  1- 3 |  4- 6 |  7- 9 | 10-12 | 13-15 | 16-18 || total
-------------------------+-------+-------+-------+-------+-------+-------++-------
Melee: Rapier            |    68 |       |       |   764 |  2012 |   192 ||  3036
       Dagger            |    30 |   175 |   158 |       |       |       ||   363
       Short sword       |       |       |   138 |   206 |    55 |       ||   399
Throw: Throwing net      |       |       |     1 |     4 |     5 |     1 ||    11
       Tomahawk          |       |       |       |     1 |       |       ||     1
 Abil: Evoke Berserk Rag |       |       |       |       |     3 |       ||     3
       Fly               |       |       |       |       |     1 |       ||     1
Evoke: Wand              |       |       |       |     1 |     7 |     1 ||     9
  Use: Potion            |       |     3 |       |     4 |    24 |     1 ||    32
       Scroll            |       |       |    10 |     8 |    20 |     1 ||    39
 Stab: Sleeping          |     4 |     8 |    24 |    23 |    13 |     1 ||    73
       Distracted        |       |     2 |       |       |     5 |     1 ||     8
       Held in net/web   |       |       |     2 |       |     2 |       ||     4
       Invisible         |       |       |       |       |     4 |       ||     4
  Eat: Chunk             |       |     6 |    10 |    23 |    36 |     3 ||    78
       Ration            |       |       |     1 |     1 |     3 |     1 ||     6
Armor: Ring mail         |    31 |       |       |       |   312 |    96 ||   439
       Leather armour    |    10 |    69 |    82 |   350 |   357 |       ||   868
Dodge: Dodged            |    61 |   124 |   136 |   780 |  1642 |   196 ||  2939
